AoeStats
← Michi3052

Arena

507506371Analyzed
1v1 RM · 14d ago on Sep 18, 2026· 33m 8s· 2 players
Game mode
Random Map
Map size
Tiny (2 player)
Population
200
Speed
Normal
Resources
Standard
Victory
Conquest
Starting age
Dark Age
Ending age
Imperial Age
RankedLock teamsTeams togetherTeam positionsShared explorationLock speedFull tech treeHidden civsTurbo modeCheats
Victory
Defeat
🇪🇸 Turks · Spain
748
+14
🇧🇷 Vikings · Brazil
707
-14
Joe Camel
5:20 Loom
10:51 Feudal Age
14:50 Castle Age
16:15 Double-Bit Axe
16:12 Horse Collar
18:55 Bow Saw
21:00 Scale Mail Armor
22:51 Heavy Plow
22:44 Gold Mining
22:44 Stone Mining
24:40 Chain Mail Armor
26:26 Forging
27:11 Gold Shaft Mining
30:50 Imperial Age
29:56 Iron Casting
33:25 Conscription
32:26 Elite Berserk
Michi3052
12:36 Feudal Age
13:59 Double-Bit Axe
18:34 Castle Age
25:48 Imperial Age
Connection lost

Rejoining the realm…

Still unreachable

The connection could not be restored.

Session expired

The server has moved on; the page needs a fresh start.